 Dungeon Crawl Stone Soup version 0.23.2-1-ga50397a6bc (webtiles) character file.

Game seed: 4771606092794133888

84 FluffierThanThou the Skirmisher (level 4, -1/41 HPs)
             Began as a Minotaur Fighter on May 22, 2019.
             Slain by a kobold (3 damage)
             ... on level 3 of the Dungeon.
             The game lasted 00:03:56 (1782 turns).

FluffierThanThou the Skirmisher (Minotaur Fighter)  Turns: 1782, Time: 00:03:57

Health: -1/41      AC:  7    Str: 22    XL:     4   Next: 24%
Magic:  3/3        EV:  7    Int: 10    God:
Gold:   100        SH:  9    Dex:  9    Spells: 3/3 levels left

rFire    . . .     SeeInvis .   a - +0 war axe
rCold    . . .     Gourm    .   c - +0 shield
rNeg     . . .     Faith    +   b - +0 scale mail
rPois    .         Spirit   .   (helmet restricted)
rElec    .         Reflect  .   (no cloak)
rCorr    .         Harm     .   (no gloves)
MR       .....                  (no boots)
Stlth    ..........             j - amulet of faith {!P}
HPRegen  0.13/turn              (no ring)
MPRegen  0.08/turn              (no ring)

@: brilliant, hasted, very quick
A: retaliatory headbutt, horns 2
a: no special abilities


You were on level 3 of the Dungeon.
You were very hungry.

You visited 1 branch of the dungeon, and saw 3 of its levels.

You collected 100 gold pieces.

Inventory:

Hand Weapons
 a - a +0 war axe (weapon)
Armour
 b - a +0 scale mail (worn)
 c - a +0 shield (worn)
Jewellery
 h - an uncursed ring of see invisible {unknown}
   (You found it on level 3 of the Dungeon)
 j - an amulet of faith (around neck) {!P}
   (You found it on level 1 of the Dungeon)
Scrolls
 f - a scroll of teleportation {unknown}
 g - 2 scrolls of blinking {unknown}
 i - 2 scrolls of remove curse {unknown}
 k - 2 scrolls of enchant armour {unknown}
 m - a scroll of identify {unknown}
 p - a scroll of fear {unknown}
Potions
 d - a potion of might
 l - a potion of haste {@q3}
 n - a potion of brilliance
 o - a potion of degeneration {unknown}
 q - a potion of heal wounds {unknown}
 r - a potion of flight {unknown}
 s - a potion of cancellation {unknown}
Comestibles
 e - 7 rations {!d}


   Skills:
 + Level 4.6 Fighting
 - Level 2.5 Axes
 + Level 4.5 Armour
 + Level 4.6 Shields


You had 3 spell levels left.
You didn't know any spells.
Your spell library was empty.

Dungeon Overview and Level Annotations

Branches:
Dungeon (3/15)

Altars:


Innate Abilities, Weirdness & Mutations

You reflexively headbutt those who attack you in melee.
You have a pair of horns on your head.


Message History

The orc priest shouts!
The kobold throws a stone.
The stone hits you but does no damage.
You see here a stone.
The orc priest miscasts a cantrip.
The kobold throws a stone.
The stone hits you but does no damage.
You see here a stone.
The orc priest invokes the aid of Beogh against you.
Pain shoots through your body!
The kobold throws a stone.
The stone barely misses you.
You see here a stone.
The orc priest begins to cast a cantrip, but forgets the words!
The kobold completely misses you.
You closely miss the kobold. Your headbutt misses the kobold.
You are feeling very hungry.
The kobold hits you.
The orc priest hits you with a +0 flail!
You hit the orc priest. You completely miss the kobold.
The kobold hits you but does no damage.
The orc priest hits you with a +0 flail!
* * * LOW HITPOINT WARNING * * *
You block the kobold's attack.
You are too injured to fight recklessly!
You are too injured to fight recklessly!
You are too injured to fight recklessly!
You are too injured to fight recklessly!
You are too injured to fight recklessly!
You are too injured to fight recklessly!
You barely miss the orc priest. You hit the kobold.
The orc priest barely misses you. You furiously retaliate!
You headbutt the orc priest, but do no damage.
The kobold hits you but does no damage.
You completely miss the orc priest.
You headbutt the orc priest, but do no damage.
You barely miss the kobold.
The orc priest invokes the aid of Beogh against you.
Beogh smites you!
* * * LOW HITPOINT WARNING * * *
You block the kobold's attack.
The orc priest hits you but does no damage.
The kobold hits you but does no damage.
It was a potion of brilliance.
You feel clever all of a sudden. The kobold closely misses you.
The orc priest begins to cast a cantrip, but forgets the words!
It was a potion of haste.
You feel yourself speed up. The kobold hits you.
* * * LOW HITPOINT WARNING * * *
The orc priest looks encouraged for a moment.
You barely miss the orc priest. You completely miss the kobold.
The kobold hits you.
You die...

#.###.#.#
#.#.(...#.#
#.#######.#####
.............#
..######.###.#
#.#........#
#.#......#.#
.#.#.#K########.#
......o@(((.((..#
.###.#.##########
#. #+


You could see an orc priest and a kobold.

Vanquished Creatures
  2 adders (D:2)
  An ooze (D:2)
  3 worms (D:2)
  A dart slug (D:1)
  An orc (D:3)
  5 giant cockroaches
  6 hobgoblins
  A quokka (D:2)
  2 ball pythons
  5 bats
  7 frilled lizards
  7 goblins
  7 kobolds
  4 rats
52 creatures vanquished.

Notes
Turn   | Place    | Note
-------+----------+-------------------------------------------
     0 | D:1      | FluffierThanThou the Minotaur Fighter began the quest for
                  | the Orb.
     0 | D:1      | Reached XP level 1. HP: 19/19 MP: 0/0
   192 | D:1      | Reached XP level 2. HP: 27/27 MP: 1/1
   777 | D:2      | Reached XP level 3. HP: 29/33 MP: 2/2
  1175 | D:2      | Reached XP level 4. HP: 29/41 MP: 3/3
  1781 | D:3      | HP: 2/41 [kobold (1)]
  1782 | D:3      | Slain by a kobold

Skill      XL: |  1  2 |
---------------+-------+-----
Fighting       | 4 |  4.6
Armour         | 4 |  4.5
Shields        | 4 |  4.6
Axes           | |  2.5

Action                   |  1- 3 |  4- 6 || total
-------------------------+-------+-------++-------
Melee: War axe           |   114 |    30 ||   144
       Headbutt          |    20 |     4 ||    24
  Use: Potion            |       |     2 ||     2
  Eat: Chunk             |     1 |     1 ||     2
Armor: Scale mail        |    58 |    11 ||    69
Dodge: Dodged            |    35 |     8 ||    43
Block: Shield            |    67 |    18 ||    85
